 Dungeon Crawl Stone Soup version 0.23.1 (webtiles) character file.

Game seed: 14150899416026473030

3215 reztzret the Severer (level 9, -3/70 HPs)
             Began as a Hill Orc Berserker on Mar 15, 2019.
             Was an Initiate of Beogh.
             Slain by a two-headed ogre
             ... wielding a +0 giant club
             ... created by the rage of Trog
              (24 damage)
             ... on level 7 of the Dungeon.
             The game lasted 00:19:34 (6375 turns).

reztzret the Severer (Hill Orc Berserker)           Turns: 6375, Time: 00:19:34

Health: -3/70      AC: 12    Str: 23    XL:     9   Next: 97%
Magic:  18/18      EV:  7    Int:  7    God:    Beogh [......]
Gold:   315        SH:  3    Dex: 10    Spells: 8/8 levels left

rFire    . . .     SeeInvis .   x - +0 war axe
rCold    . . .     Gourm    .   E - +0 buckler (curse)
rNeg     . . .     Faith    .   d - +0 chain mail
rPois    .         Spirit   .   (no helmet)
rElec    .         Reflect  .   F - +2 cloak
rCorr    .         Harm     .   (no gloves)
MR       .....                  D - +0 pair of boots
Stlth    ..........             (no amulet)
HPRegen  0.21/turn              v - ring of wizardry
MPRegen  0.16/turn              r - ring of magical power

@: no status effects
A: no striking features
a: Renounce Religion


You were on level 7 of the Dungeon.
You worshipped Beogh.
Beogh was noncommittal.
You were not hungry.

You visited 2 branches of the dungeon, and saw 9 of its levels.

You collected 315 gold pieces.

Inventory:

Hand Weapons
 a - a +0 hand axe
 x - a +0 war axe (weapon)
Armour
 b - a +0 animal skin
 d - a +0 chain mail (worn)
 D - a +0 pair of boots (worn)
 E - a cursed +0 buckler (worn)
 F - a +2 cloak (worn)
Jewellery
 g - an uncursed ring of positive energy {unknown}
 q - an uncursed ring of attention
 r - a ring of magical power (right hand)
 v - a ring of wizardry (left hand)
 C - a -3 ring of dexterity
Wands
 t - a wand of flame (10)
 y - a wand of polymorph (2)
Scrolls
 f - 3 scrolls of amnesia
 i - a scroll of blinking {unknown}
 l - a scroll of immolation {unknown}
 n - 3 scrolls of remove curse
 o - 2 scrolls of enchant armour
 p - a scroll of fear {unknown}
 s - 7 scrolls of identify {unknown}
 w - a scroll of random uselessness {unknown}
Potions
 e - a potion of agility {unknown}
 h - 2 potions of brilliance {unknown}
 j - 2 potions of cancellation
 k - a potion of degeneration {unknown}
 m - a potion of resistance
 u - a potion of mutation {unknown}
 z - a potion of flight {unknown}
 A - a potion of lignification {unknown}
 B - a potion of invisibility {unknown}
Comestibles
 c - 5 rations


   Skills:
 - Level 3.6 Fighting
 + Level 16.7 Axes
 - Level 2.1 Armour
 - Level 1.5 Dodging
 + Level 1.3 Stealth
 + Level 0.1 Evocations


You had 8 spell levels left.
You didn't know any spells.
Your spell library was empty.

Dungeon Overview and Level Annotations

Branches:
Dungeon (8/15)             Temple (1/1) D:7
   Lair: D:8-11

Altars:
Ashenzari
Cheibriados
Dithmenos
Elyvilon
Fedhas
Gozag
Hepliaklqana
Kikubaaqudgha
Makhleb
Nemelex Xobeh
Okawaru
Qazlal
Ru
Sif Muna
Trog
Uskayaw
Vehumet
Wu Jian
Xom
Yredelemnul
Zin
The Shining One


Message History

You see here an embroidered cloak.
F - an embroidered cloak You start putting on your armour.
You continue putting on your embroidered cloak. x4
You finish putting on your +2 cloak.
Found a scale mail.
Trog sends monsters to punish you. 2 polar bears, 2 black bears and 2 two-headed ogres come into view.
There are monsters nearby!
Okay, then.
The black bear rages.
The black bear rages.
The polar bear bites you.
The polar bear claws you but does no damage. x2
The black bear rages.
The two-headed ogre hits you with a +0 giant club!!!
Ouch! That really hurt!
* * * LOW HITPOINT WARNING * * *
The two-headed ogre hits you with a +0 giant club!!
You die...

#.## #.# ##.#.#.#
.#.## #.# ##.#..#.#
..#.###.###.#...#.##
...#.##.##.#.........
....#.#.#.#......####
.....#.#.#.....h.#
......#.#......Oh#
.......#......hhO#
.......#......##@#
...8...#.....#.#.#
.8...8###.....##.#
.......#.....#.#.#
.......#.....###.#
......#.#.....##.#
...............+[#
......#.#.....####
.......#.....###


You could see 2 two-headed ogres, 2 polar bears and 2 black bears.

Vanquished Creatures
  Grinder (D:5)
  A raiju (D:7)
  2 yaks (D:7)
  Edmund (D:4)
  A black bear (D:7)
  An ice beast (D:7)
  2 orc warriors
  A sky beast (D:5)
  4 ogres
  A hornet zombie (D:7)
  A phantom (D:5)
  A bullfrog (D:7)
  A water moccasin zombie (D:6)
  3 scorpions
  4 crimson imps
  A jelly (D:7)
  3 hounds
  3 orc priests
  2 iguanas
  A bullfrog skeleton (D:5)
  Ijyb (D:4)
  7 worker ants
  13 orc wizards
  A hound zombie (D:6)
  A hound skeleton (D:4)
  A howler monkey skeleton (D:6)
  8 adders
  4 oozes
  An adder zombie (D:5)
  2 adder skeletons
  A worm (D:4)
  A dart slug (D:1)
  2 leopard geckos
  17 orcs
  2 ball pythons
  6 bats
  3 giant cockroaches
  8 goblins
  7 hobgoblins
  2 jackals (D:5)
  3 quokkas
  8 frilled lizards
  7 kobolds
  2 leopard gecko skeletons (D:5)
  7 rats
150 creatures vanquished.

Vanquished Creatures (others)
  2 orc warriors (D:7)
  3 yaks (D:7)
  A centaur (D:7)
  2 orc priests (D:7)
  2 orc wizards (D:7)
  An orc (D:7)
11 creatures vanquished.

Grand Total: 161 creatures vanquished

Notes
Turn   | Place    | Note
-------+----------+-------------------------------------------
     0 | D:1      | reztzret the Hill Orc Berserker began the quest for the
                  | Orb.
     0 | D:1      | Reached XP level 1. HP: 19/19 MP: 1/1
    79 | D:1      | Reached XP level 2. HP: 25/26 MP: 2/2
   298 | D:1      | Reached skill level 5 in Axes
   669 | D:1      | Reached XP level 3. HP: 29/31 MP: 3/3
   809 | D:2      | Reached skill level 6 in Axes
   835 | D:2      | Found a sparkling altar of Nemelex Xobeh.
   891 | D:2      | Reached ** piety under Trog
   899 | D:2      | Reached XP level 4. HP: 31/39 MP: 4/4
  1505 | D:3      | Reached skill level 7 in Axes
  1518 | D:3      | Found an opulent altar of Gozag.
  1933 | D:4      | Noticed an ogre
  1952 | D:4      | Killed an ogre
  1952 | D:4      | Reached skill level 8 in Axes
  1952 | D:4      | Reached XP level 5. HP: 5/45 MP: 5/5
  2012 | D:4      | Reached XP level 6. HP: 31/51 MP: 6/6
  2162 | D:4      | Reached skill level 9 in Axes
  2188 | D:4      | Noticed Ijyb
  2217 | D:4      | Killed Ijyb
  2725 | D:4      | Reached skill level 10 in Axes
  2725 | D:4      | Reached XP level 7. HP: 26/57 MP: 7/7
  2775 | D:4      | Noticed Edmund
  2799 | D:4      | Killed Edmund
  2799 | D:4      | Reached skill level 11 in Axes
  3434 | D:5      | Entered Level 5 of the Dungeon
  3642 | D:5      | Reached XP level 8. HP: 58/64 MP: 8/8
  3659 | D:5      | Reached skill level 12 in Axes
  4013 | D:5      | Noticed Grinder
  4015 | D:5      | Paralysed by Grinder for 6 turns
  4034 | D:5      | Paralysed by Grinder for 4 turns
  4043 | D:5      | Killed Grinder
  4043 | D:5      | Reached skill level 13 in Axes
  4634 | D:6      | Reached skill level 14 in Axes
  4671 | D:6      | Reached *** piety under Trog
  4671 | D:6      | Reached XP level 9. HP: 70/70 MP: 9/9
  5176 | D:7      | Reached skill level 15 in Axes
  5295 | D:7      | Found a staircase to the Ecumenical Temple.
  5313 | D:7      | Received a gift from Trog
  5334 | D:7      | Fell from the grace of Trog
  5334 | D:7      | Became a worshipper of Beogh the Brigand
  5368 | D:7      | Reached skill level 16 in Axes
  5370 | D:7      | Killed an orc warrior
  5614 | D:8      | Reached skill level 1 in Stealth
  5842 | Temple   | Entered the Ecumenical Temple
  5855 | Temple   | Paralysed by Trog for 3 turns
  6232 | D:7      | Found a deep blue altar of Sif Muna.
  6373 | D:7      | Noticed a two-headed ogre
  6373 | D:7      | Noticed a two-headed ogre
  6373 | D:7      | Noticed a polar bear
  6373 | D:7      | Noticed a polar bear
  6375 | D:7      | Slain by a two-headed ogre

Skill      XL: |  1  2  3  4  5  6  7  8  9 |
---------------+----------------------------+-----
Axes           | 5 6 8 10 11 14 16 | 16.7
Stealth        | 1 |  1.3
Fighting       | |  3.6
Armour         | |  2.1
Dodging        | |  1.5
Evocations     | |  0.1

Action                   |  1- 3 |  4- 6 |  7- 9 || total
-------------------------+-------+-------+-------++-------
Melee: Hand axe          |   107 |   205 |    82 ||   394
       War axe           |       |       |   273 ||   273
Invok: Berserk           |       |     4 |     6 ||    10
       Trog's Hand       |       |     6 |     8 ||    14
       Convert to Beogh  |       |       |     1 ||     1
Evoke: Wand              |       |       |     1 ||     1
  Use: Potion            |     1 |       |     7 ||     8
       Scroll            |       |       |     4 ||     4
  Eat: Chunk             |       |     6 |    11 ||    17
       Ration            |       |     2 |     3 ||     5
Armor: Chain mail        |    71 |   107 |   130 ||   308
Dodge: Dodged            |    46 |    72 |   112 ||   230
